 Seeded DCSS version 0.29.1-15-g9cfb28693d (webtiles) character file.

Game seed: 20230221 (custom seed)

300073 Pooter the Executioner (level 20, -13/276 HPs)
             Began as a Minotaur Berserker on Feb 22, 2023.
             Was a High Priest of Trog.
             Mangled by an acid blob (15 damage)
             ... created by the Royal Jelly
             ... on level 5 of the Pits of Slime on Feb 25, 2023.
             The game lasted 04:50:16 (66608 turns).

Pooter the Executioner (Minotaur Berserker)        Turns: 66608, Time: 04:50:17

Health: -13/276    AC: 19    Str: 32    XL:     20   Next: 16%
Magic:  0/19       EV: 14    Int:  8    God:    Trog [*****.]
Gold:   2191       SH:  0    Dex: 13    Spells: 19/19 levels left

rFire   + + +      SeeInvis +   a - +4 executioner's axe "Vaus" {vorpal, rN+ SInv}
rCold   + + .      Faith    .   (shield currently unavailable)
rNeg    + + .      Spirit   +   A - +10 plate armour {rF+}
rPois   +          Reflect  .   T - -2 hat of the Alchemist {rElec rPois rF+ rC+ rN+ Will+ rMut rCorr}
rElec   +          Harm     .   i - +0 cloak
rCorr   +          Rampage  +   c - +0 pair of gloves "Tojep" {Rampage rPois rF+ Will+ Int+2}
rMut    +                       B - +1 pair of boots
Will    ++...                   E - amulet "Feuth" {Spirit Will- Str+6 Stlth+}
Stlth   ..........              I - ring of protection from cold
HPRegen 0.56/turn               S - +4 ring of slaying
MPRegen 0.16/turn

@: berserking, corroded, hasted, studying 2 skills, very quick
A: horns 2, retaliatory headbutt
}: 2/15 runes: decaying, gossamer
a: Renounce Religion, Berserk, Trog's Hand, Brothers in Arms


You were on level 5 of the Pits of Slime.
You worshipped Trog.
Trog was extremely pleased with you.
You visited 7 branches of the dungeon, and saw 38 of its levels.
You also visited: Trove, Sewer, Bailey and Gauntlet.

You collected 3767 gold pieces.
You spent 1576 gold pieces at shops.

Inventory:

Hand Weapons
 a - the +4 executioner's axe "Vaus" (weapon) {vorpal, rN+ SInv}
   (Trog gifted it to you on level 2 of the Spider Nest)

   It inflicts extra damage upon your enemies.
   rN:        It protects you from negative energy.
   SInv:      It lets you see invisible.
 b - a +5 arbalest of flaming
   (You bought it in a shop on level 6 of the Dungeon)
 m - a +2 war axe of flaming
   (You took it off an orc on level 5 of the Dungeon)
 p - a +6 antimagic battleaxe
   (Trog gifted it to you on level 4 of the Swamp)
Missiles
 J - 10 curare-tipped darts
 K - 11 boomerangs (quivered)
 L - 23 javelins
 Y - 2 silver boomerangs
Armour
 c - the +0 pair of gloves "Tojep" (worn) {Rampage rPois rF+ Will+ Int+2}
   (You acquired it on level 8 of the Dungeon)

   Int:       It affects your intelligence (+2).
   rF:        It protects you from fire.
   rPois:     It protects you from poison.
   Rampage:   It bestows one free step when moving towards enemies.
   Will:      It increases your willpower.
 i - a +0 cloak (worn)
   (You found it on level 4 of the Lair of Beasts)
 A - a +10 plate armour of fire resistance (worn)
   (You took it off a minotaur in a Gauntlet)
 B - a +1 pair of boots (worn)
   (You found it on level 4 of the Dungeon)
 T - the -2 hat of the Alchemist (worn) {rElec rPois rF+ rC+ rN+ Will+ rMut rCorr}
   (You acquired it in a bailey)

   rF:        It protects you from fire.
   rC:        It protects you from cold.
   rElec:     It insulates you from electricity.
   rPois:     It protects you from poison.
   rN:        It protects you from negative energy.
   rCorr:     It protects you from acid and corrosion.
   rMut:      It protects you from mutation.
   Will:      It increases your willpower.
Jewellery
 o - the necklace of Bloodlust {*Rage Will++ Int-3 Slay+6}
   (You found it on level 1 of the Orcish Mines)

   [amulet of nothing]

   It extends the wearer's berserk rage when killing foes.
   Int:       It affects your intelligence (-3).
   Slay:      It affects your accuracy & damage with ranged weapons and melee
   (+6).
   *Rage:     It berserks you when you make melee attacks (+50% chance).
   Will:      It greatly increases your willpower.
 C - a ring of resist corrosion
   (You found it on level 10 of the Dungeon)
 E - the amulet "Feuth" (around neck) {Spirit Will- Str+6 Stlth+}
   (You took it off an orc on level 5 of the Dungeon)

   [amulet of guardian spirit]

   It causes incoming damage to be divided between your reserves of health and
   magic.
   Str:       It affects your strength (+6).
   Will:      It decreases your willpower.
   Stlth:     It makes you more stealthy.
 F - the ring of Law {Fly rF+ Dex+4 Stlth+}
   (You bought it in a shop on level 1 of the Elven Halls)

   [ring of flight]

   Dex:       It affects your dexterity (+4).
   rF:        It protects you from fire.
   Fly:       It grants you flight.
   Stlth:     It makes you more stealthy.
 I - a ring of protection from cold (left hand)
   (You found it on level 1 of the Lair of Beasts)
 P - a ring of poison resistance
   (You took it off a minotaur in a Gauntlet)
 S - a +4 ring of slaying (right hand)
   (You found it on level 2 of the Spider Nest)
 U - a +6 ring of dexterity
   (You found it on level 1 of the Dungeon)
Wands
 d - a wand of iceblast (43)
   (You found it on level 6 of the Dungeon)
 f - a wand of flame (32)
   (You found it on level 4 of the Lair of Beasts)
 u - a wand of paralysis (36)
   (You found it on level 5 of the Lair of Beasts)
 x - a wand of acid (14)
   (You found it on level 8 of the Dungeon)
 G - a wand of mindburst (17)
   (You found it on level 6 of the Dungeon)
 H - a wand of polymorph (22)
   (You found it on level 6 of the Dungeon)
Scrolls
 e - a scroll of immolation {!r}
 j - 4 scrolls of magic mapping
 k - 3 scrolls of noise {!r}
 q - 7 scrolls of poison {!r}
 r - 9 scrolls of fear
 s - 7 scrolls of blinking
 t - 4 scrolls of teleportation {@r4}
 R - 2 scrolls of brand weapon
 V - a scroll of silence
 X - 2 scrolls of butterflies
Potions
 g - 4 potions of haste {@q3}
 h - 4 potions of lignification {!q}
 l - 18 potions of curing {@q1}
 n - 3 potions of cancellation
 v - a potion of mutation {!q}
 y - 2 potions of attraction {!q}
 z - 5 potions of heal wounds {@q2}
 D - 3 potions of invisibility
 M - 4 potions of resistance
 N - 11 potions of flight
 O - a potion of might
Miscellaneous
 w - a box of beasts
   (You found it on level 5 of the Lair of Beasts)
 Q - a tin of tremorstones (2/2)
   (You found it in a treasure trove)
 W - a condenser vane
   (You found it on level 5 of the Lair of Beasts)
 Z - a lightning rod (4/4) {!a}
   (You found it on level 11 of the Dungeon)


   Skills:
 + Level 17.4 Fighting
 * Level 21.6 Axes
 - Level 1.1(14.3) Maces & Flails
 - Level 18.5 Ranged Weapons
 + Level 9.4 Throwing
 * Level 16.6 Armour
 + Level 12.9 Dodging
 + Level 8.7 Stealth
 + Level 14.6 Evocations


You had 19 spell levels left.
You didn't know any spells.
Your spell library was empty.

Dungeon Overview and Level Annotations

Branches:
Dungeon (15/15) Temple (0/1) D:4 Lair (5/5) D:11 Swamp (4/4) Lair:3 Spider (4/4) Lair:2 Slime (5/5) Lair:4 Orc (2/2) D:12 Elf (3/3) Orc:2 Vaults (0/5) D:13 D:14 Depths (0/4) D:15 Sewer (visited) Bailey (visited) Gauntlet (visited)

Altars:
Hepliaklqana
Kikubaaqudgha
Trog
Xom
Jiyva

Shops:
D:6 (   Elf:1 =   Elf:3 ![

Annotations:
Slime:5 Royal Jelly
Elf:2 3 runed translucent doors


Innate Abilities, Weirdness & Mutations

You have a pair of horns on your head.
You reflexively headbutt those who attack you in melee.


Message History

The azure jelly closely misses you. You furiously retaliate!
You headbutt the azure jelly!! The azure jelly closely misses you.
The azure jelly barely misses you.
The azure jelly hits you but does no damage.
You chop the azure jelly into pieces!!!
You headbutt the azure jelly, but do no damage.
You slash the acid blob!
Your hands burn!
* * * LOW HITPOINT WARNING * * *
You open the azure jelly like a pillowcase!!!
You barely miss the azure jelly. You slash the azure jelly!
The azure jelly hits you but does no damage.
The azure jelly barely misses you.
The azure jelly hits you but does no damage. x4
The azure jelly completely misses you. The azure jelly hits you!
* * * LOW HITPOINT WARNING * * *
You chop the azure jelly into pieces!!!
You kill the azure jelly!
That felt strangely unrewarding.
You hit the azure jelly. You slice the acid blob!! The acid corrodes you!
Your hands burn!
* * * LOW HITPOINT WARNING * * *
You barely miss the azure jelly. You closely miss the azure jelly.
The azure jelly misses you. You furiously retaliate!
You headbutt the azure jelly!
The azure jelly hits you but does no damage. x2
The azure jelly hits you.
* * * LOW HITPOINT WARNING * * *
The acid blob spits acid at you. The splash of acid hits you. You resist.
* * * LOW HITPOINT WARNING * * *
The azure jelly barely misses you.
The azure jelly hits you but does no damage.
The azure jelly closely misses you. The azure jelly barely misses you.
The azure jelly hits you but does no damage.
The azure jelly barely misses you.
The azure jelly hits you but does no damage.
The azure jelly closely misses you.
You slash the Royal Jelly!
Flame seeps out of the Royal Jelly. x2
Your hands burn!
* * * LOW HITPOINT WARNING * * *
Flame seeps out of the Royal Jelly.
You headbutt the Royal Jelly! You slice the acid blob!!
Your hands burn!
* * * LOW HITPOINT WARNING * * *
You barely miss the azure jelly.
You hit the azure jelly but do no damage.
You slash the azure jelly!
You kill the azure jelly!
That felt strangely unrewarding.
The Royal Jelly shudders vigorously.
The Royal Jelly spits out two more jellies.
The acid blob hits you!
You die...

#....................##
###...................#
#....................##
#....^................#
#.....................#
.....................##
......................#
............JJJJ.......#
............JJ@.........#
................###....##
................### ##.##
..............### .#
..............## #
...............#
...............##
................#
................#


You could see the Royal Jelly (inner flame), an acid blob, 2 azure jellies and 2
quicksilver oozes.

Vanquished Creatures
  Dissolution (Slime:3)
  Mara (Swamp:3)
  Mlioglotl (Swamp:2)
  5 tentacled monstrosities
  19 acid blobs
  A thorn hunter (Swamp:3)
  Gastronok (D:10)
  Kirke (Swamp:4)
  Donald (Spider:2)
  10 azure jellies
  8 rockslimes
  5 fenstrider witches
  A deep elf sorcerer (Elf:1)
  8 emperor scorpions
  8 ghouls
  Louise (Spider:3)
  A broodmother (Spider:3)
  3 deep elf elementalists
  13 quicksilver oozes
  Nessos (D:12)
  A deep elf annihilator (Elf:1)
  Azrael (Spider:3)
  A minotaur (Gauntlet)
  4 bunyips
  5 eleionomae
  3 spark wasps (Spider:4)
  The ghost of RoabertG the Severer, a journeyman MiBe of Trog (Elf:1)
  10 entropy weavers
  A blizzard demon (Swamp:4)
  An ettin (Orc:1)
  Snorg (D:14)
  2 shambling mangroves (Swamp:4)
  A green death (Swamp:4)
  3 great orbs of eyes
  Josephine (D:12)
  8 centaur warriors
  2 catoblepae
  The ghost of Qihugg the Envoy of Void, a journeyman DsAK of Lugonu (Orc:1)
  2 ogre magi
  2 spriggan air magi
  9 boulder beetles
  3 jorogumos
  12 alligators
  A ghost crab (Swamp:4)
  12 hydras
  3 two-headed ogres
  2 radroaches
  13 dancing weapons
  Erica (D:9)
  7 death yaks
  A tengu warrior (D:15)
  Urug (D:14)
  Sonja (Orc:1)
  7 deep elf knights
  2 soul eaters (Swamp:4)
  3 skeletal warriors (D:13)
  13 spriggans
  7 pharaoh ants
  7 spriggan druids
  3 goliath frogs
  A fire crab (Lair:4)
  8 steelbarb worms
  3 swamp dragons
  An obsidian statue (Gauntlet)
  3 glowing orange brains
  5 orb spiders
  3 bog bodies
  8 deep elf archers
  6 wizards
  25 deep elf pyromancers
  A harpy (Lair:5)
  23 deep elf zephyrmancers
  3 orc sorcerers
  4 orc knights
  11 wolf spiders
  12 cyclopes
  11 ugly things
  2 will-o-the-wisps
  An elephant (shapeshifter) (Elf:3)
  6 shining eyes
  3 manticores
  12 elephants
  6 black mambas
  4 moths of wrath
  2 black mambas (shapeshifter)
  A smoke demon (Gauntlet)
  2 eyes of devastation (Slime:5)
  An orange demon (Swamp:4)
  A gargoyle (D:13)
  9 torpor snails
  15 cane toads
  3 kobold demonologists
  11 komodo dragons
  4 rime drakes
  13 demonic crawlers
  An unseen horror (D:12)
  3 freezing wraiths (Swamp:4)
  An efreet (D:14)
  A hellwing (Swamp:4)
  2 bloated husks (Swamp:3)
  A silent spectre (Orc:1)
  12 trolls
  17 hornets
  11 meliai
  2 wind drakes (Lair:5)
  7 tyrant leeches
  3 polar bears
  28 tarantellas
  13 blink frogs
  55 slime creatures
  2 snapping turtles (Lair:5)
  4 air elementals
  17 jumping spiders
  2 shadows
  4 wraiths (D:12)
  4 wyverns
  3 water elementals
  30 yaks
  24 culicivoras
  2 vampires
  A hog (Swamp:4)
  4 basilisks
  4 golden eyes
  8 fire elementals
  16 humans
  3 steam dragons
  51 redbacks
  A chaos spawn (Swamp:4)
  16 vampire mosquitoes
  A neqoxec (Swamp:4)
  A warg (Orc:2)
  18 swamp worms
  An acid dragon (D:14)
  18 water moccasins
  3 hell hounds (Spider:2)
  A floating eye (Gauntlet)
  A swamp drake (Swamp:4)
  38 orc warriors
  3 black bears
  6 ice beasts
  9 ogres
  A boggart (Elf:1)
  23 centaurs
  23 wolves
  2 phantoms
  2 kobold brigands
  8 bullfrogs
  3 earth elementals (Elf:3)
  A necrophage (Swamp:1)
  2 gnoll sergeants
  2 scorpions (D:5)
  3 killer bees
  6 howler monkeys
  22 electric eels
  2 crimson imps (Gauntlet)
  9 hounds
  9 orc priests
  7 jellies
  3 gnoll boudas
  10 iguanas
  13 orc wizards
  2 hell rats (D:11)
  A merfolk siren (Sewer)
  2 merfolk avatars
  16 gnolls
  8 adders
  2 river rats (D:11)
  A shadow imp (D:5)
  2 white imps
  3 ufetubi
  4 worms
  5 dart slugs
  63 orcs
  6 endoplasms
  7 giant cockroaches
  19 goblins
  17 hobgoblins
  3 jackals (D:1)
  11 quokkas
  15 ball pythons
  7 bats
  9 frilled lizards
  12 kobolds
  28 rats
  A spectral goblin (D:8)
  A bush (Lair:5)
1322 creatures vanquished.

Vanquished Creatures (collateral kills)
  An emperor scorpion (D:15)
  A dire elephant (D:15)
  4 two-headed ogres (Orc:1)
  A moth of wrath (Orc:1)
  3 slime creatures
  A howler monkey (D:8)
11 creatures vanquished.

Vanquished Creatures (others)
  2 wizards
  A neqoxec (Swamp:4)
  4 humans (Swamp:4)
  A bat (D:1)
  A bush (D:10)
  2 foxfires (Swamp:1)
  24 fungi
  58 plants
  3 withered plants (Gauntlet)
96 creatures vanquished.

Grand Total: 1429 creatures vanquished

Notes
Turn   | Place    | Note
-------+----------+-------------------------------------------
     0 | D:1      | Pooter the Minotaur Berserker began the quest for the Orb.
     0 | D:1      | Reached XP level 1. HP: 19/19 MP: 0/0
   202 | D:1      | Reached skill level 4 in Axes
   258 | D:1      | Reached XP level 2. HP: 24/27 MP: 1/1
   529 | D:1      | Reached ** piety under Trog
   530 | D:1      | Reached XP level 3. HP: 33/33 MP: 2/2
   693 | D:1      | Found a faded altar of an unknown god.
  1018 | D:2      | Reached skill level 5 in Axes
  1457 | D:2      | Reached XP level 4. HP: 41/41 MP: 3/3
  2390 | D:3      | Reached skill level 6 in Axes
  2460 | D:3      | Reached XP level 5. HP: 47/47 MP: 4/4
  2795 | D:3      | You fall into a shaft and drop 3 floors!
  2799 | D:6      | Found Muclaixu's Weapon Shop.
  2801 | D:6      | Noticed an ice beast
  2809 | D:6      | Killed an ice beast
  2810 | D:6      | Reached skill level 5 in Fighting
  2873 | D:6      | Noticed an ogre
  2884 | D:6      | Killed an ogre
  2885 | D:6      | Reached skill level 7 in Axes
  2885 | D:6      | Reached XP level 6. HP: 56/56 MP: 5/5
  2965 | D:6      | Noticed an ice beast
  2968 | D:5      | Entered Level 5 of the Dungeon
  3137 | D:5      | Reached skill level 8 in Axes
  3166 | D:5      | Reached XP level 7. HP: 57/63 MP: 6/6
  3259 | D:5      | Found a glowing drain.
  3263 | Sewer    | Entered a sewer
  3836 | Sewer    | Reached *** piety under Trog
  4167 | D:4      | Found the +6 shillelagh "Devastator" {shatter}
  4175 | D:4      | Reached skill level 9 in Axes
  4648 | D:4      | Reached XP level 8. HP: 72/73 MP: 7/7
  4941 | D:4      | Found a staircase to the Ecumenical Temple.
  5186 | D:5      | Reached skill level 1 in Maces & Flails
  5242 | D:5      | Reached skill level 10 in Axes
  5242 | D:5      | Reached skill level 1 in Ranged Weapons
  5698 | D:5      | Reached **** piety under Trog
  5908 | D:5      | Reached skill level 11 in Axes
  6059 | D:5      | Identified the amulet "Feuth" {Spirit Will- Str+6 Stlth+}
  6106 | D:5      | Reached XP level 9. HP: 74/81 MP: 8/8
  6188 | D:5      | Reached skill level 5 in Ranged Weapons
  6446 | D:6      | Bought a +2 arbalest of flaming for 281 gold pieces
  6936 | D:7      | Reached skill level 1 in Evocations
  7243 | D:7      | Reached skill level 12 in Axes
  8307 | D:8      | Identified a scroll of acquirement
  8307 | D:8      | Acquired the +0 pair of gloves "Tojep" {Rampage rPois rF+
                  | Will+ Int+2}
  8433 | D:8      | Reached XP level 10. HP: 91/91 MP: 9/9
  8691 | D:8      | Found a hazy altar of Hepliaklqana.
  9340 | D:9      | Noticed a two-headed ogre
  9344 | D:9      | Killed a two-headed ogre
  9345 | D:9      | Reached skill level 13 in Axes
  9485 | D:9      | Identified the +4 robe "Hero's Friend" {Rampage rElec rN+}
  9773 | D:9      | Noticed Erica
  9780 | D:9      | Killed Erica
  9978 | D:10     | Entered Level 10 of the Dungeon
 10022 | D:10     | Reached skill level 10 in Fighting
 10062 | D:10     | Found a flagged portal.
 10083 | Bailey   | Entered a bailey
 10479 | Bailey   | Noticed an orc knight
 10489 | Bailey   | Killed an orc knight
 10583 | Bailey   | Reached XP level 11. HP: 86/100 MP: 7/10
 10657 | Bailey   | Found an iron altar of Okawaru.
 10672 | Bailey   | Reached skill level 14 in Axes
 10682 | Bailey   | Reached skill level 15 in Axes
 10682 | Bailey   | Reached XP level 12. HP: 77/106 MP: 7/11
 10867 | Bailey   | Acquired the -2 hat of the Alchemist {rElec rPois rF+ rC+
                  | rN+ Will+ rMut rCorr}
 10867 | Bailey   | Found the -2 hat of the Alchemist {rElec rPois rF+ rC+ rN+
                  | Will+ rMut rCorr}
 11693 | D:10     | Noticed Gastronok
 11710 | D:10     | Killed Gastronok
 11711 | D:10     | Reached skill level 16 in Axes
 12652 | D:11     | Noticed a death yak
 12674 | D:11     | Killed a death yak
 12769 | D:11     | Noticed a death yak
 12769 | D:11     | Noticed a death yak
 12784 | D:11     | Killed a death yak
 12785 | D:11     | Reached skill level 5 in Evocations
 12787 | D:11     | Killed a death yak
 13125 | D:11     | Found a staircase to the Lair.
 13673 | D:11     | Reached ***** piety under Trog
 13714 | D:11     | Noticed a four-headed hydra
 13725 | D:11     | Killed a one-headed hydra
 14091 | Lair:1   | Entered Level 1 of the Lair of Beasts
 14119 | Lair:1   | Found a shimmering altar of Xom.
 14122 | Lair:1   | Noticed an eight-headed hydra
 14128 | Lair:1   | Killed a six-headed hydra
 14783 | Lair:1   | Reached XP level 13. HP: 116/116 MP: 12/12
 15289 | Lair:1   | Received a gift from Trog
 15908 | Lair:2   | Found a hole to the Spider Nest.
 17188 | Lair:3   | Reached skill level 5 in Armour
 17520 | Lair:3   | Gained mutation: Your spells are a little harder to cast,
                  | but a little more powerful. [potion of mutation]
 17521 | Lair:3   | Lost mutation: Your spells are a little harder to cast, but
                  | a little more powerful. [potion of mutation]
 17521 | Lair:3   | Gained mutation: You have a pair of large horns on your
                  | head. [potion of mutation]
 17521 | Lair:3   | Gained mutation: You occasionally lose the ability to drink
                  | potions when taking damage. [potion of mutation]
 17521 | Lair:3   | Gained mutation: Your spells are a little harder to cast,
                  | but a little more powerful. [potion of mutation]
 17522 | Lair:3   | Lost mutation: Your spells are a little harder to cast, but
                  | a little more powerful. [potion of mutation]
 17522 | Lair:3   | Lost mutation: You occasionally lose the ability to drink
                  | potions when taking damage. [potion of mutation]
 17522 | Lair:3   | Gained mutation: You are somewhat resistant to further
                  | mutation. [potion of mutation]
 17523 | Lair:3   | Lost mutation: You have a pair of large horns on your head.
                  | [potion of mutation]
 17523 | Lair:3   | Lost mutation: You are somewhat resistant to further
                  | mutation. [potion of mutation]
 17523 | Lair:3   | Gained mutation: You are partially covered in iridescent
                  | scales. (AC +2) [potion of mutation]
 17782 | Lair:3   | Found a staircase to the Swamp.
 18078 | Lair:4   | Reached skill level 5 in Dodging
 18085 | Lair:4   | Found a runed translucent door.
 18086 | Lair:4   | Found a viscous altar of Jiyva.
 18087 | Lair:4   | Noticed an acid blob
 18088 | Lair:4   | Found a staircase to the Slime Pits.
 18140 | Lair:4   | Found a gate leading to a gauntlet.
 18153 | Gauntlet | Entered a Gauntlet
 18153 | Gauntlet | Found a transporter.
 18164 | Gauntlet | Found a transporter.
 18209 | Gauntlet | Found a transporter.
 18210 | Gauntlet | Found a transporter.
 18220 | Gauntlet | Found a transporter.
 18227 | Gauntlet | Found a transporter.
 18232 | Gauntlet | Found a transporter.
 18238 | Gauntlet | Found a transporter.
 18284 | Gauntlet | Found a transporter.
 18521 | Gauntlet | Found a transporter.
 18685 | Gauntlet | Found a transporter.
 18695 | Gauntlet | Identified the +7 flail "Gioskivu" {freeze, MP+9}
 18695 | Gauntlet | Noticed a minotaur
 18705 | Gauntlet | Killed a minotaur
 18986 | Gauntlet | Found a transporter.
 19175 | Lair:4   | Reached skill level 17 in Axes
 19201 | Lair:4   | Reached XP level 14. HP: 112/127 MP: 8/13
 19701 | Lair:4   | Reached skill level 15 in Ranged Weapons
 20069 | Lair:5   | Entered Level 5 of the Lair of Beasts
 21855 | Lair:5   | Found the +8 trident of the Octopus King {venom, rElec
                  | rPois}
 22511 | D:12     | Noticed Josephine
 22521 | D:12     | Killed Josephine
 23051 | D:12     | Found a staircase to the Orcish Mines.
 23270 | D:12     | Noticed Nessos
 23279 | D:12     | Killed Nessos
 23457 | D:12     | Found a portal to a secret trove of treasure.
 24541 | D:12     | Identified the +0 plate armour "Keannye" {Dex+3}
 24614 | D:13     | Reached XP level 15. HP: 107/136 MP: 14/14
 24696 | D:13     | Identified the +1 ring mail of True Grit {Dex+4}
 25689 | D:14     | Noticed Snorg
 25692 | D:14     | Killed Snorg
 25844 | D:12     | You paid a toll of 15 scrolls of teleportation to enter a
                  | treasure trove
 25845 | Trove    | Entered a treasure trove
 25968 | D:14     | Noticed Urug
 25968 | D:14     | Found a gate to the Vaults.
 26072 | D:14     | Killed Urug
 26073 | D:14     | Reached skill level 1 in Throwing
 26073 | D:14     | Reached skill level 1 in Stealth
 26147 | D:14     | Reached skill level 18 in Axes
 27131 | D:15     | Entered Level 15 of the Dungeon
 28313 | D:15     | Noticed an emperor scorpion
 28327 | D:15     | Killed an emperor scorpion
 28374 | D:15     | Found a staircase to the Depths.
 28609 | Lair:4   | Killed an acid blob
 28615 | Slime:1  | Entered Level 1 of the Pits of Slime
 28615 | Slime:1  | Noticed an azure jelly
 28710 | Spider:1 | Entered Level 1 of the Spider Nest
 29846 | Spider:1 | Reached XP level 16. HP: 100/143 MP: 11/15
 30389 | Spider:1 | Identified the +4 leather armour of Liberalism {rCorr}
 30429 | Spider:1 | Reached skill level 10 in Evocations
 30616 | Spider:2 | Identified the +4 executioner's axe "Vaus" {vorpal, rN+
                  | SInv} (Trog gifted it to you on level 2 of the Spider Nest)
 30616 | Spider:2 | Received a gift from Trog
 30789 | Spider:2 | Noticed Donald
 30798 | Spider:2 | Killed Donald
 30799 | Spider:2 | Reached skill level 10 in Armour
 32086 | Spider:3 | Noticed Louise
 32269 | Spider:3 | Noticed Azrael
 33671 | Spider:3 | Killed Azrael
 33741 | Spider:3 | Identified the +5 glaive "Zuedet" {flame, rC+++ Will++
                  | Str+4 Stlth-} (Trog gifted it to you on level 3 of the
                  | Spider Nest)
 33741 | Spider:3 | Received a gift from Trog
 33930 | Spider:3 | Killed Louise
 33931 | Spider:3 | Reached skill level 15 in Fighting
 34275 | Spider:3 | Reached skill level 5 in Throwing
 35720 | Spider:4 | Entered Level 4 of the Spider Nest
 38030 | Spider:4 | Reached skill level 10 in Dodging
 38032 | Spider:4 | Reached skill level 5 in Stealth
 38076 | Spider:4 | Reached XP level 17. HP: 90/156 MP: 10/16
 38614 | Spider:4 | Reached skill level 19 in Axes
 39344 | Spider:4 | Got a gossamer rune of Zot
 40213 | Swamp:1  | Entered Level 1 of the Swamp
 44066 | Swamp:2  | HP: 6/235 [swamp worm[a spriggan druid] (20)]
 44512 | Swamp:2  | Noticed Mlioglotl
 44524 | Swamp:2  | Killed Mlioglotl
 45486 | Swamp:3  | Noticed Mara
 45493 | Swamp:3  | Noticed Pooter's illusion
 45496 | Swamp:3  | Killed Mara
 47014 | Swamp:4  | Entered Level 4 of the Swamp
 47203 | Swamp:4  | Noticed a tentacled monstrosity
 47211 | Swamp:3  | Killed a tentacled monstrosity
 47212 | Swamp:3  | Reached XP level 18. HP: 117/166 MP: 11/17
 47732 | Swamp:4  | Noticed a tentacled monstrosity
 47743 | Swamp:4  | Killed a tentacled monstrosity
 47949 | Swamp:4  | Noticed Kirke
 47959 | Swamp:4  | Killed Kirke
 48223 | Swamp:4  | Noticed a tentacled monstrosity
 48228 | Swamp:4  | Killed a tentacled monstrosity
 48234 | Swamp:4  | Received a gift from Trog
 48871 | Swamp:4  | Identified the +6 shortbow "Xuzies" {venom, rCorr}
 48979 | Swamp:4  | Paralysed by a fenstrider witch for 4 turns
 49212 | Swamp:4  | Reached skill level 20 in Axes
 49230 | Swamp:4  | Noticed a tentacled monstrosity
 49232 | Swamp:4  | Noticed a tentacled monstrosity
 49240 | Swamp:4  | Killed a tentacled monstrosity
 49243 | Swamp:4  | Killed a tentacled monstrosity
 49395 | Swamp:4  | Got a decaying rune of Zot
 49643 | Orc:1    | Entered Level 1 of the Orcish Mines
 49643 | Orc:1    | Noticed Sonja
 49646 | Orc:1    | Killed Sonja
 49715 | Orc:1    | Found a runed translucent door.
 49919 | Orc:1    | Noticed Qihugg's ghost (journeyman DsAK)
 49930 | Orc:1    | Killed Qihugg's ghost
 50097 | Orc:1    | Found a bloodstained altar of Trog.
 50097 | Orc:1    | Found the necklace of Bloodlust {*Rage Will++ Int-3 Slay+6}
 50380 | Orc:2    | Entered Level 2 of the Orcish Mines
 52702 | Orc:2    | Found a staircase to the Elven Halls.
 53398 | Orc:1    | Found a transporter.
 53424 | Orc:1    | Found a transporter.
 53424 | Orc:1    | Found a runed translucent door.
 53517 | Orc:1    | Identified the +1 plate armour of the Dolphin {rF+}
 53714 | Elf:1    | Entered Level 1 of the Elven Halls
 54158 | Elf:1    | Found a runed translucent gate.
 54158 | Elf:1    | Found a runed translucent gate.
 54181 | Elf:1    | Paralysed by an air elemental for 1 turns
 54211 | Elf:1    | Received a gift from Trog
 54482 | Elf:1    | Reached XP level 19. HP: 174/174 MP: 18/18
 54702 | Elf:1    | Found a runed translucent gate.
 54702 | Elf:1    | Noticed RoabertG's ghost (journeyman MiBe)
 55027 | Elf:1    | Found Meyr's Jewellery Emporium.
 55036 | Elf:1    | Bought the ring of Law {Fly rF+ Dex+4 Stlth+} for 597 gold
                  | pieces
 55810 | Elf:1    | Found a viscous altar of Jiyva.
 55839 | Elf:1    | Killed RoabertG's ghost
 56439 | Elf:2    | Found an ancient bone altar of Kikubaaqudgha.
 56670 | Elf:2    | Found a runed translucent gate.
 56671 | Elf:2    | Found a runed translucent gate.
 56671 | Elf:2    | Found a runed translucent gate.
 56816 | Elf:3    | Entered Level 3 of the Elven Halls
 56821 | Elf:3    | Paralysed by an air elemental for 1 turns
 57266 | Elf:3    | Found Zasheets's Antique Armour Emporium.
 57270 | Elf:3    | Bought a pair of glowing gloves for 292 gold pieces
 57295 | Elf:3    | Received a gift from Trog
 57437 | Elf:3    | Paralysed by an air elemental for 1 turns
 57951 | Elf:3    | Found Hypsiroc's Distillery.
 57972 | Elf:3    | Bought a potion of heal wounds for 70 gold pieces
 57972 | Elf:3    | Bought a potion of heal wounds for 70 gold pieces
 57972 | Elf:3    | Bought 2 potions of curing for 84 gold pieces
 57972 | Elf:3    | Bought a potion of curing for 42 gold pieces
 57972 | Elf:3    | Bought a potion of haste for 140 gold pieces
 58164 | Elf:3    | Reached skill level 21 in Axes
 58850 | Slime:1  | Gained mutation: You do not regenerate when monsters are
                  | visible. [a shining eye]
 58860 | Lair:4   | HP: 9/265 [acid blob (13)]
 58862 | Lair:4   | Reached skill level 15 in Armour
 60599 | Lair:4   | Lost mutation: You are partially covered in iridescent
                  | scales. (AC +2) [potion of mutation]
 60599 | Lair:4   | Lost mutation: You do not regenerate when monsters are
                  | visible. [potion of mutation]
 60599 | Lair:4   | Gained mutation: Your muscles are strong. (Str +4, Int/Dex
                  | -1) [potion of mutation]
 60599 | Lair:4   | Gained mutation: You are agile. (Dex +4, Str/Int -1)
                  | [potion of mutation]
 60599 | Lair:4   | Gained mutation: You have a pair of large horns on your
                  | head. [potion of mutation]
 60600 | Lair:4   | Lost mutation: Your muscles are strong. (Str +4, Int/Dex
                  | -1) [potion of mutation]
 60600 | Lair:4   | Lost mutation: You have a pair of large horns on your head.
                  | [potion of mutation]
 60600 | Lair:4   | Lost mutation: You are agile. (Dex +4, Str/Int -1) [potion
                  | of mutation]
 60600 | Lair:4   | Gained mutation: You are dopey. (Int -2) [potion of
                  | mutation]
 60600 | Lair:4   | Gained mutation: You expend magic power (3 MP) to
                  | strengthen your wands. [potion of mutation]
 60600 | Lair:4   | Gained mutation: You have sharp fingernails. [potion of
                  | mutation]
 60601 | Lair:4   | Lost mutation: You expend magic power (3 MP) to strengthen
                  | your wands. [potion of mutation]
 60601 | Lair:4   | Lost mutation: You have sharp fingernails. [potion of
                  | mutation]
 60601 | Lair:4   | Lost mutation: You are dopey. (Int -2) [potion of mutation]
 60601 | Lair:4   | Gained mutation: You occasionally lose the ability to drink
                  | potions when taking damage. [potion of mutation]
 60601 | Lair:4   | Gained mutation: Your flesh is cold resistant. (rC+)
                  | [potion of mutation]
 60602 | Lair:4   | Lost mutation: You occasionally lose the ability to drink
                  | potions when taking damage. [potion of mutation]
 60602 | Lair:4   | Lost mutation: Your flesh is cold resistant. (rC+) [potion
                  | of mutation]
 60602 | Lair:4   | Gained mutation: You are somewhat resistant to further
                  | mutation. [potion of mutation]
 63617 | Slime:3  | Noticed Dissolution
 63624 | Slime:3  | Killed Dissolution
 65330 | Slime:5  | Entered Level 5 of the Pits of Slime
 65333 | Slime:5  | Lost mutation: You are somewhat resistant to further
                  | mutation. [a shining eye]
 65629 | Slime:5  | Reached XP level 20. HP: 171/184 MP: 17/19
 66509 | Slime:5  | Found the +2 hood of the Assassin {Detection Stab+ Stlth++}
 66516 | Slime:5  | Noticed the Royal Jelly
 66606 | Slime:5  | HP: 7/276 [azure jelly[the Royal Jelly] (8)]
 66608 | Slime:5  | HP: 3/276 [acid (1)]
 66608 | Slime:5  | Mangled by an acid blob

Illustrated notes

Levels and vault maps discovered:
D:1:      minmay_arrival_nine_rooms, layout_loops_ring,
          ebering_ecumenical_altar_rust
D:2:      layout_basic, kennysheep_nub
D:3:      layout_loops_cross
D:4:      layout_basic, lemuel_temple_firewalk_a,
          dilly_guarded_unrand_devastator
D:5:      kennysheep_windowed_halls, layout_loops_ring, gup_sewer_entry_bowl,
          hangedman_abyss_or_decor_stabs
D:6:      layout_rooms, serial_shops, shop_fountains
D:7:      layout_loops_ring
D:8:      layout_loops_corners, nicolae_hepliaklqana_monster_ancestors
D:9:      layout_cross, uniq_erica
D:10:     layout_basic, enter_bailey_4, serial_bayou, serial_bayou_crossing,
          serial_bayou_lagoon_b, serial_bayou_shore_a, serial_bayou_ford_a,
          serial_park_tiny_2, roderic_lattice_a, uniq_gastronok
D:11:     layout_basic, dpeg_lair_monsters
D:12:     minmay_isolated_rectangles_in_corner, layout_basic, orc_0_dummy,
          enter_trove_6, uniq_josephine, uniq_nessos
D:13:     layout_basic
D:14:     layout_loops_ring, david_vaults_3, hangedman_decor_growths, uniq_snorg
D:15:     hangedman_depths_entry_try_elsewhere_first, layout_rooms,
          serial_glass, glass_columns_a, glass_columns_b, glass_columns_a,
          glass_columns_a, item_on_display_a, item_on_display_a,
          minmay_strange_pillars
Lair:1:   layout_cave_pods, basic_altar
Lair:2:   layout_chaotic_city, spider_nest_entry_web_field
Lair:3:   layout_hall_layers, minmay_swamp_entry_swarm,
          small_statue_intersection
Lair:4:   layout_regular_city, slime_entry_2, gauntlet_entry_generic,
          evilmike_ambush [evilmike_ambush_outer_basic,
          evilmike_ambush_inner_basic]
Lair:5:   gammafunk_lair_ancient_temple, layout_cave_pods
Swamp:1:  layout_falls_marsh, evilmike_swamp_ruin_rubble_2,
          infiniplex_staircase_pool
Swamp:2:  layout_basic_swamp, evilmike_swamp_ruin_house_5, uniq_mlioglotl
Swamp:3:  layout_falls_marsh, nicolae_swamp_some_circles, uniq_mara
Swamp:4:  nzn_swamp_witches_coven, layout_basic_swamp,
          portal_ice_cave_entry_frozen_things, uniq_kirke
Spider:1: nicolae_spider_mines_3
Spider:2: layout_cave_pods, uniq_donald
Spider:3: layout_spider_delve, spiders_nest_hornet_nest, uniq_azrael,
          uniq_louise
Spider:4: hellmonk_spider_rune_bug_friends, nicolae_spider_paper_wasps
Slime:1:  layout_caves
Slime:2:  layout_caves, nicolae_slime_welcoming_committee
Slime:3:  cheibrodos_slime_lost_civilization_8, layout_caves, dissolution_awaits
Slime:4:  layout_caves
Slime:5
Orc:1:    emtedronai_trogs_sanctum, layout_caves, ebering_ghost_reflecting_pool,
          uniq_sonja
Orc:2:    st_orc_rangers, layout_caves, basic_altar
Elf:1:    layout_loops_corners, gammafunk_ghost_ooze, serial_shops,
          nicolae_shop_crystal, hangedman_elf_disciples
Elf:2:    nicolae_elf_blades_crystal_corner, layout_loops_cross, basic_altar
Elf:3:    elf_hall_gauntlet_wide, layout_geoelf_castle, serial_sigils,
          serial_sigils_hangedman_writhe, serial_sigils_hangedman_shear,
          serial_sigils_hangedman_gnaw, serial_sigils_hangedman_quiver,
          serial_shops, shop, nicolae_shop_statue_plus

Skill      XL: |  1  2  3  4  5  6  7  8  9 10 11 12 13 14 15 16 17 18 19 |
---------------+----------------------------------------------------------+-----
Axes           | 4 5 6 7 8 9 11 12 13 15 16 17 18 19 20 21 | 21.6
Fighting       | 4 5 6 7 8 9 10 11 12 13 14 15 16 17 | 17.4
Maces & Flails | 1 |  1.1
Ranged Weapons | 4 7 9 11 13 14 16 17 18 | 18.5
Evocations     | 2 4 5 7 8 9 11 12 13 14 | 14.6
Armour         | 3 6 8 9 11 12 13 16 | 16.6
Dodging        | 5 7 8 10 11 12 | 12.9
Throwing       | 3 5 6 8 9 |  9.4
Stealth        | 3 5 6 7 8 |  8.7

Action                   |  1- 3 |  4- 6 |  7- 9 | 10-12 | 13-15 | 16-18 | 19-21 || total
-------------------------+-------+-------+-------+-------+-------+-------+-------++-------
Melee: Hand axe          |    64 |    50 |       |       |       |       |       ||   114
       Headbutt          |     8 |    16 |    35 |    51 |   167 |   157 |    63 ||   497
       War axe           |       |    62 |   178 |   217 |   178 |     4 |       ||   639
       Shillelagh        |       |       |    28 |       |       |       |       ||    28
       Punch             |       |       |     1 |     2 |     8 |       |       ||    11
       Battleaxe         |       |       |       |       |   447 |    34 |       ||   481
       Executioner's axe |       |       |       |       |       |   546 |   214 ||   760
 Fire: Sling             |       |       |    13 |       |       |       |       ||    13
       Arbalest          |       |       |    40 |   175 |   317 |   530 |   239 ||  1301
       Shortbow          |       |       |     4 |       |       |       |       ||     4
Throw: Dart              |       |     8 |     3 |    18 |    11 |       |       ||    40
       Javelin           |       |       |       |       |    10 |       |       ||    10
       Boomerang         |       |       |       |       |       |     5 |       ||     5
Invok: Berserk           |     1 |     4 |     6 |     5 |    13 |    10 |     4 ||    43
       Trog's Hand       |       |     4 |     9 |     8 |    29 |    29 |     4 ||    83
       Brothers in Arms  |       |       |       |       |       |     1 |     1 ||     2
Evoke: Wand              |       |       |     6 |     6 |    12 |    34 |    20 ||    78
       Tin of tremorston |       |       |       |       |     2 |     4 |     1 ||     7
       Condenser vane    |       |       |       |       |     1 |     5 |       ||     6
       Box of beasts     |       |       |       |       |     1 |       |       ||     1
       Lightning rod     |       |       |       |       |       |     3 |       ||     3
  Use: Scroll            |     2 |     6 |     9 |    10 |    16 |    10 |     2 ||    55
       Potion            |       |       |     2 |     2 |     5 |    17 |     9 ||    35
 Stab: Invisible         |       |       |       |       |     3 |       |       ||     3
       Paralysed         |       |       |       |       |     9 |     7 |       ||    16
Armor: Chain mail        |    24 |    58 |    31 |       |       |       |       ||   113
       Animal skin       |     3 |       |       |       |       |       |       ||     3
       Plate armour      |       |       |    84 |   114 |   407 |   694 |   217 ||  1516
Dodge: Dodged            |    28 |    66 |    90 |    70 |   343 |   668 |   152 ||  1417
